 Dungeon Crawl Stone Soup version 0.29.1-15-g9cfb28693d (webtiles) character file.

Game seed: 16094305594541094876

142 croobank the Ruffian (level 5, -8/53 HPs)
             Began as a Troll Fighter on Apr 23, 2023.
             Mangled by a wyvern (13 damage)
             ... on level 4 of the Dungeon.
             The game lasted 00:04:07 (2887 turns).

croobank the Ruffian (Troll Fighter)                Turns: 2887, Time: 00:04:07

Health: -8/53      AC:  4    Str: 24    XL:     5   Next: 3%
Magic:  4/4        EV:  8    Int:  6    God:
Gold:   176        SH:  7    Dex:  9    Spells: 4/4 levels left

rFire   . . .      SeeInvis .     - Unarmed
rCold   . . .      Faith    .   b - +0 kite shield
rNeg    . . .      Spirit   .   a - +0 robe
rPois   .          Reflect  .   (helmet restricted)
rElec   .          Harm     .   (no cloak)
rCorr   .          Rampage  .   (gloves unavailable)
Will    .....                   (boots unavailable)
Stlth   +.........              (no amulet)
HPRegen 0.97/turn               (no ring)
MPRegen 0.09/turn               (no ring)

@: mighty
A: large, unfitting armour, claws 3, regeneration 1, shaggy fur 1, tough skin 1
a: no special abilities


You were on level 4 of the Dungeon.
You visited 1 branch of the dungeon, and saw 4 of its levels.

You collected 176 gold pieces.

Inventory:

Hand Weapons
 f - a +0 war axe
 j - a +2 vorpal spear
Missiles
 g - 3 poisoned darts (quivered)
Armour
 a - a +0 robe (worn)
 b - a +0 kite shield (worn)
Scrolls
 d - 4 scrolls of teleportation {unknown}
Potions
 e - a potion of heal wounds
 h - a potion of magic
 i - a potion of curing
 k - a potion of degeneration {unknown}
 l - a potion of mutation {unknown}


   Skills:
 + Level 3.1 Fighting
 - Level 2.4 Dodging
 + Level 3.4 Shields
 * Level 4.0 Unarmed Combat


You had 4 spell levels left.
You didn't know any spells.
Your spell library contained the following spells:

 Spells                   Type           Power      Damage    Failure   Level
 Beastly Appendage        Tmut           0%         N/A       75%         1
 Wereblood                Tmut           0%         N/A       87%         2
 Spider Form              Tmut/Pois      0%         N/A       98%         3


Dungeon Overview and Level Annotations

Branches:
Dungeon (4/15)
 Temple: D:4-7

Altars:


Innate Abilities, Weirdness & Mutations

You are too large for most types of armour.
You have claws for hands.
Your natural rate of healing is unusually fast.
You are covered in fur. (AC +1)
You have tough skin. (AC +1)


Message History

You kill the dart slug!
No target in view!
No target in view!
You see here a dart slug corpse.
A goblin comes into view. It is wielding a +0 dagger.
The goblin shouts!
You claw the goblin!
You kill the goblin!
Things that are here:
a +0 dagger; a goblin corpse
l - a bubbling cyan potion A wyvern comes into view.
Found a stone staircase leading up.
You block the wyvern's attack.
You claw the wyvern!
The wyvern is moderately wounded.
The wyvern bites you!
You claw the wyvern!
The wyvern is almost dead.
The wyvern closely misses you. x2
You barely miss the wyvern.
The wyvern is almost dead.
The wyvern bites you but does no damage. x2
You closely miss the wyvern.
The wyvern is severely wounded.
You block the wyvern's attack.
You scratch the wyvern but do no damage.
The wyvern is severely wounded.
The wyvern closely misses you. The wyvern bites you!
You scratch the wyvern but do no damage.
The wyvern is severely wounded.
The wyvern bites you!
You feel much better. The wyvern bites you! x2
* * * LOW HITPOINT WARNING * * *
You scratch the wyvern but do no damage.
The wyvern is severely wounded.
The wyvern bites you!
* * * LOW HITPOINT WARNING * * *
You feel very mighty all of a sudden. The wyvern bites you!
You die...

# #.####..# #
#.###.# #..#
#.#.....####..#
......#....##...
.................
.........#####.#.#
.#..........##.#..
#.##.##.##.## #
#.......@.#
##.###.#l.# . ..
........ # ..
........#.# # #
#####.#...... #
..#....... #
...#...###.# # #
... ..<.. .. #.##
#...


You could see a wyvern.

Vanquished Creatures
  An iguana (D:3)
  6 adders
  A worm (D:2)
  A dart slug (D:4)
  7 ball pythons
  4 endoplasms
  4 giant cockroaches
  4 goblins
  5 hobgoblins
  4 jackals (D:3)
  4 bats
  2 frilled lizards (D:3)
  7 kobolds
  6 rats
56 creatures vanquished.

Vanquished Creatures (others)
  6 plants (D:2)
6 creatures vanquished.

Grand Total: 62 creatures vanquished

Notes
Turn   | Place    | Note
-------+----------+-------------------------------------------
     0 | D:1      | croobank the Troll Fighter began the quest for the Orb.
     0 | D:1      | Reached XP level 1. HP: 22/22 MP: 0/0
    55 | D:1      | You fall into a shaft and drop 1 floor!
   253 | D:2      | Reached XP level 2. HP: 29/29 MP: 1/1
   500 | D:1      | Reached XP level 3. HP: 36/36 MP: 2/2
   637 | D:1      | Reached skill level 3 in Unarmed Combat
  1148 | D:2      | Reached XP level 4. HP: 44/44 MP: 3/3
  1738 | D:3      | Found a faded altar of an unknown god.
  2584 | D:3      | Reached skill level 4 in Unarmed Combat
  2590 | D:3      | Reached XP level 5. HP: 53/53 MP: 4/4
  2876 | D:4      | Noticed a wyvern
  2887 | D:4      | Mangled by a wyvern

Illustrated notes

Levels and vault maps discovered:
D:1:      dpeg_arrival_oval, layout_rooms, minmay_misc_feat_plants, hex_tiny
D:2:      layout_basic, serial_bayou_pond_c
D:3:      layout_basic, shapermc_ecumenical_altar_mp_highgroup, minivault_5,
          roderic_serpentine_path, bh_walls_and_bars
D:4:      layout_basic, okawaru_ov_weapons_minmay, serial_shops, shop

Skill      XL: |  1  2  3  4 |
---------------+-------------+-----
Shields        | 3 |  3.4
Unarmed Combat | 3 4 |  4.0
Fighting       | 3 |  3.1
Dodging        | |  2.4

Action                   |  1- 3 |  4- 6 || total
-------------------------+-------+-------++-------
Melee: Unarmed           |    93 |    73 ||   166
  Use: Scroll            |     5 |       ||     5
       Potion            |       |     2 ||     2
 Stab: Sleeping          |       |     1 ||     1
Armor: Robe              |    21 |    29 ||    50
Dodge: Dodged            |    37 |    30 ||    67
Block: Kite shield       |    33 |    24 ||    57
